 Dungeon Crawl Stone Soup version 0.25-a0-513-ge77a69270c (webtiles) character file.

Game seed: 15154536893052518670, levelgen mode: deterministic

1234 Notrik the Skirmisher (level 8, -4/70 (71) HPs)
             Began as a Ghoul Fighter on Feb 16, 2020.
             Slain by a killer bee (5 damage)
             ... on level 6 of the Dungeon.
             The game lasted 00:08:05 (6743 turns).

Notrik the Skirmisher (Ghoul Fighter)               Turns: 6743, Time: 00:08:05

HP:   -4/70 (71)    AC: 12    Str: 22    XL:     8   Next: 48%
MP:   7/7           EV:  4    Int:  3    God:
Gold: 279           SH: 10    Dex:  8    Spells: 7/7 levels left

rFire    . . .     SeeInvis .     - Unarmed
rCold    + . .     Gourm    .   b - +0 kite shield
rNeg     + + +     Faith    .   l - +0 plate armour
rPois    ∞         Spirit   .   (no helmet)
rElec    .         Reflect  .   (no cloak)
rCorr    .         Harm     .   (no gloves)
MR       .....                  (no boots)
Stlth    ..........             (no amulet)
HPRegen  0.00/turn              (no ring)
MPRegen  0.10/turn              (no ring)

@: rotting
A: rotting body, claws 1, carnivore, cold resistance 1, negative energy
resistance 3, inhibited regeneration, torment resistance, unbreathing
a: no special abilities


You were on level 6 of the Dungeon.
You were not hungry.

You visited 2 branches of the dungeon, and saw 8 of its levels.
You also visited: Sewer.

You collected 279 gold pieces.

Inventory:

Hand Weapons
 z - the cursed +0 hunting sling "Lokemn" {vorpal, Int+7, unknown}
   (You found it on level 5 of the Dungeon)

   Any stone fired from it inflicts extra damage.
   It affects your intelligence (+7).
   It has a curse placed upon it.
Armour
 a - a +0 scale mail
 b - a +0 kite shield (worn)
 l - a +0 plate armour (worn)
   (You found it on level 1 of the Dungeon)
Jewellery
 o - a cursed amulet of inaccuracy
   (You found it on level 2 of the Dungeon)
 v - an uncursed ring of wizardry {unknown}
   (You found it on level 3 of the Dungeon)
 A - an uncursed ring of ice {unknown}
   (You found it on level 5 of the Dungeon)
Wands
 x - a wand of polymorph (5)
   (You found it on level 4 of the Dungeon)
 B - a wand of scattershot (5)
   (You found it on level 6 of the Dungeon)
Scrolls
 d - 3 scrolls of magic mapping {unknown}
 g - 4 scrolls of teleportation {unknown}
 h - 13 scrolls of identify {@r1}
 i - 2 scrolls of random uselessness {unknown}
 k - 2 scrolls of enchant weapon
 n - 2 scrolls of noise {unknown}
 q - a scroll of immolation {!r}
 t - 4 scrolls of remove curse {unknown}
 y - 2 scrolls of amnesia {unknown}
 D - a scroll of enchant armour {unknown}
 E - a scroll of blinking {unknown}
Potions
 c - 2 potions of might
 f - a potion of ambrosia {unknown}
 j - a potion of cancellation {unknown}
 m - 3 potions of curing {unknown}
 p - a potion of invisibility {unknown}
 r - 4 potions of flight {unknown}
 s - a potion of degeneration {unknown}
 u - a potion of berserk rage {unknown}
 w - a potion of mutation {unknown}
Comestibles
 e - 10 rations {!d}
 C - a chunk of flesh


   Skills:
 + Level 6.3 Fighting
 + Level 5.2 Armour
 + Level 5.2 Shields
 + Level 5.8 Unarmed Combat


You had 7 spell levels left.
You didn't know any spells.
Your spell library was empty.

Dungeon Overview and Level Annotations

Branches:
Dungeon (7/15)             Temple (1/1) D:5           Sewer (visited)

Altars:
Ashenzari
Cheibriados
Dithmenos
Fedhas
Gozag
Hepliaklqana
Kikubaaqudgha
Makhleb
Nemelex Xobeh
Okawaru
Qazlal
Ru
Sif Muna
Trog
Uskayaw
Vehumet
Xom
Yredelemnul
Zin
The Shining One

Annotations:
D:3 3 runed translucent doors, terminal's ghost, amateur TrMo


Innate Abilities, Weirdness & Mutations

Your body is rotting away.
You thrive on raw meat.
You are immune to poison.
You have sharp fingernails.
You are carnivorous and can eat meat at any time.
Your flesh is cold resistant. (rC+)
You are immune to negative energy. (rN+++)
You do not regenerate when monsters are visible.
You are immune to unholy pain and torment.
You can survive without breathing.


Message History

The killer bee stings you but does no damage.
The killer bee barely misses you. The killer bee stings you. x2
* * * LOW HITPOINT WARNING * * *
You block the killer bee's attack. The killer bee stings you.
* * * LOW HITPOINT WARNING * * *
The killer bee stings you.
* * * LOW HITPOINT WARNING * * *
The killer bee stings you.
* * * LOW HITPOINT WARNING * * *
The killer bee barely misses you. The killer bee stings you.
* * * LOW HITPOINT WARNING * * *
You block the killer bee's attack.
The killer bee stings you but does no damage. x2
The killer bee stings you.
* * * LOW HITPOINT WARNING * * *
The killer bee barely misses you.
You feel your flesh rotting away. You block the killer bee's attack.
The killer bee stings you but does no damage. x2
The killer bee stings you.
* * * LOW HITPOINT WARNING * * *
The killer bee barely misses you. The killer bee stings you.
* * * LOW HITPOINT WARNING * * *
The killer bee stings you but does no damage.
The killer bee stings you.
* * * LOW HITPOINT WARNING * * *
The killer bee stings you.
* * * LOW HITPOINT WARNING * * *
You block the killer bee's attack.
There is a stone staircase leading up here.
The killer bee barely misses you. You block the killer bee's attack.
The killer bee stings you.
* * * LOW HITPOINT WARNING * * *
The killer bee stings you but does no damage.
You block the killer bee's attack. x2; The killer bee stings you.
* * * LOW HITPOINT WARNING * * *
The killer bee stings you but does no damage.
You climb upwards.
There is a stone staircase leading down here.
You scratch the killer bee.
The killer bee stings you but does no damage. x2
The killer bee stings you!
* * * LOW HITPOINT WARNING * * *
The killer bee stings you.
* * * LOW HITPOINT WARNING * * *
You block the killer bee's attack. x2
The killer bee stings you but does no damage.
You closely miss the killer bee. The killer bee stings you.
You die...

.......## #..##
.####..###
##..# ##
###..## #(..#
##..### ##..##
##### ###..##
#...# ##...#
##..### ##...#
....## ###..##
##...## <...#
##.y### #....#
....# ###@y##
##....# ...##
##yy### #....##
...#
###..###....# #
..##
##..#.....#####
.##
###....<.#....
.# ##........##
## ##...##### #
#..## ##.#


You could see 4 killer bees.

Vanquished Creatures
  A hippogriff (D:4)
  Purgy (Sewer)
  2 phantoms
  An ogre (D:5)
  A centaur (D:5)
  3 scorpions (D:5)
  A howler monkey (D:4)
  A hound (D:6)
  An orc wizard (D:4)
  A centaur skeleton (D:6)
  2 iguanas
  3 worker ants
  2 river rats (D:3)
  9 adders
  2 shadow imps
  An ooze (D:2)
  An adder skeleton (D:4)
  An adder zombie (D:5)
  6 worms
  A dart slug (D:3)
  3 leopard geckos
  6 orcs
  13 bats
  4 giant cockroaches
  10 goblins
  9 hobgoblins
  6 jackals
  10 kobolds
  2 quokkas
  A ball python (D:2)
  7 frilled lizards
  3 quokka skeletons
  12 rats
127 creatures vanquished.

Notes
Turn   | Place    | Note
-------+----------+-------------------------------------------
     0 | D:1      | Notrik the Ghoul Fighter began the quest for the Orb.
     0 | D:1      | Reached XP level 1. HP: 19/19 MP: 0/0
     0 | D:1      | Noticed an ice dragon
     0 | D:1      | Noticed a shadow dragon
     0 | D:1      | Noticed a red draconian
     2 | D:1      | Noticed a green draconian
     2 | D:1      | Noticed an ice dragon
     5 | D:1      | Noticed an ice dragon
     6 | D:1      | Noticed an orb of fire
     7 | D:1      | Noticed a yellow draconian
    10 | D:1      | Noticed a green draconian
    10 | D:1      | Noticed an orb of fire
    12 | D:1      | Noticed an orb of fire
    14 | D:1      | Noticed an ice dragon
    14 | D:1      | Noticed a shadow dragon
    14 | D:1      | Noticed a tentacled monstrosity
    18 | D:1      | Noticed a tentacled monstrosity
    18 | D:1      | Noticed a shadow dragon
    20 | D:1      | Noticed an orb of fire
    79 | D:1      | Reached XP level 2. HP: 22/26 MP: 1/1
   425 | D:1      | HP: 1/26 [hobgoblin/+0 club (3)]
   845 | D:1      | Reached XP level 3. HP: 31/31 MP: 2/2
  1433 | D:2      | Found an ancient bone altar of Kikubaaqudgha.
  1481 | D:2      | Reached XP level 4. HP: 34/40 MP: 3/3
  1719 | D:2      | Reached skill level 4 in Fighting
  2260 | D:3      | Found a glowing golden altar of the Shining One.
  2426 | D:3      | Reached XP level 5. HP: 15/45 MP: 4/4
  2661 | D:3      | Found a glowing drain.
  2692 | Sewer    | Entered a sewer
  2737 | Sewer    | Noticed Purgy
  2772 | Sewer    | Killed Purgy
  2772 | Sewer    | Reached XP level 6. HP: 33/53 MP: 5/5
  3011 | D:3      | Found a runed translucent gate.
  3012 | D:3      | Found a runed translucent gate.
  3014 | D:3      | Found a runed translucent gate.
  3277 | D:3      | Found a bloodstained altar of Trog.
  3358 | D:3      | Noticed an angel
  3360 | D:3      | Found a shimmering altar of Xom.
  3362 | D:3      | Found a glowing silver altar of Zin.
  3418 | D:3      | Noticed terminal's ghost (amateur TrMo)
  3681 | D:4      | Found a blossoming altar of Fedhas.
  3846 | D:4      | Noticed a hippogriff
  3868 | D:4      | Killed a hippogriff
  3868 | D:4      | Reached skill level 5 in Fighting
  3868 | D:4      | Reached XP level 7. HP: 26/61 MP: 6/6
  4658 | D:5      | Entered Level 5 of the Dungeon
  4683 | D:5      | Got a transparent hunting sling
  4840 | D:5      | Reached skill level 5 in Unarmed Combat
  4885 | D:5      | Found a staircase to the Ecumenical Temple.
  4940 | D:5      | Found a stormy altar of Qazlal.
  5000 | D:5      | Reached XP level 8. HP: 24/70 MP: 7/7
  5473 | D:5      | Reached skill level 6 in Fighting
  5473 | D:5      | Reached skill level 5 in Armour
  5473 | D:5      | Reached skill level 5 in Shields
  5720 | Temple   | Entered the Ecumenical Temple
  6742 | D:6      | HP: 2/70 [killer bee (7)]
  6743 | D:6      | Slain by a killer bee

Levels and vault maps discovered:
D:1:      shiori_arrival_whats_in_store_for_you, layout_basic, interstate_on_off
D:2:      layout_basic, lemuel_crystal_altar
D:3:      layout_loops_corners, grunt_temple_overflow_order_and_chaos_1,
          lemuel_crystal_altar, marbit_many_paths, first_ration,
          gammafunk_ghost_necromancy, gup_sewer_entry_bubbles
D:4:      layout_loops_corners, corexii_item_surrounded_by_moat,
          grunt_decor_one_mirror, kennysheep_flooded_box, fedhas_altar_1
D:5:      layout_loops_ring, grunt_qazlal_clouds, minmay_temple_entry_mist
D:6:      layout_cave_pods
D:7:      layout_rooms, lemuel_crystal_altar, enter_bailey_6, uniq_maggie
Temple:   oiseaux_autumnal_temple

Skill      XL: |  1  2  3  4  5  6  7  8 |
---------------+-------------------------+-----
Armour         | 3 4 5 |  5.2
Shields        | 3 4 5 |  5.2
Unarmed Combat | 3 4 5 |  5.8
Fighting       | 4 5 6 |  6.3

Action                   |  1- 3 |  4- 6 |  7- 9 || total
-------------------------+-------+-------+-------++-------
Melee: Unarmed           |   152 |   289 |   201 ||   642
  Use: Scroll            |       |     3 |       ||     3
  Eat: Chunk             |     2 |     7 |     5 ||    14
       Ration            |       |     1 |     3 ||     4
Armor: Scale mail        |    46 |       |       ||    46
       Plate armour      |    30 |   191 |   105 ||   326
Dodge: Dodged            |    49 |    47 |    26 ||   122
Block: Kite shield       |    76 |   174 |    95 ||   345

Table legend:
 A = Non-vault XP
 B = Vault XP
 C = Vault XP percentage of total XP
 D = Non-vault monster count
 E = Vault monster count
 F = Vault count percentage of total count
                 A         B        C        D         E       F
            +---------+---------+-------+---------+---------+-------
      Total |    1587 |     177 |  10.0 |     114 |      13 |  10.2
            +---------+---------+-------+---------+---------+-------
        D:1 |      45 |       0 |   0.0 |      26 |       0 |   0.0
        D:2 |      84 |       0 |   0.0 |      25 |       0 |   0.0
        D:3 |      62 |      40 |  39.2 |      21 |       7 |  25.0
        D:4 |     581 |       0 |   0.0 |      20 |       0 |   0.0
        D:5 |     666 |       0 |   0.0 |      14 |       0 |   0.0
        D:6 |     138 |       0 |   0.0 |       7 |       0 |   0.0
        D:7 |      11 |       0 |   0.0 |       1 |       0 |   0.0
      Sewer |       0 |     137 | 100.0 |       0 |       6 | 100.0
            +---------+---------+-------+---------+---------+-------
